 Dungeon Crawl Stone Soup version 0.29.0-4-gdea44cf6ec (webtiles) character file.

Game seed: 13821854554812197186

270 qw the Chopper (level 6, 0/35 HPs)
             Began as a Tengu Warper on Aug 28, 2022.
             Succumbed to a scorpion's poison
             ... on level 5 of the Dungeon.
             The game lasted 00:00:14 (2251 turns).

qw the Chopper (Tengu Warper)                       Turns: 2251, Time: 00:00:14

Health: 0/35       AC:  8    Str: 14    XL:     6   Next: 22%
Magic:  10/10      EV:  8    Int: 13    God:
Gold:   73         SH:  0    Dex: 13    Spells: 9/9 levels left

rFire   . . .      SeeInvis .   Y - +1 hand axe
rCold   . . .      Faith    .   (no shield)
rNeg    + . .      Spirit   .   g - +0 chain mail
rPois   .          Reflect  .   (helmet restricted)
rElec   .          Harm     .   (no cloak)
rCorr   .          Rampage  .   (no gloves)
Will    .....                   (boots unavailable)
Stlth   ..........              (no amulet)
HPRegen 0.11/turn               c - ring of positive energy
MPRegen 0.12/turn               (no ring)

@: lethally poisoned (0 -> -4), flying quickly and evasively, quick
A: beak, talons 3, nimble flight
a: no special abilities


You were on level 5 of the Dungeon.
You visited 1 branch of the dungeon, and saw 4 of its levels.

You collected 73 gold pieces.


Innate Abilities, Weirdness & Mutations

You have a beak for a mouth.
You have claws for feet.
Your magical nature lets you fly swiftly and evasively.


   Skills:
 - Level 2.0 Fighting
 + Level 6.5 Axes
 - Level 1.0 Throwing
 - Level 2.5 Armour
 - Level 2.1 Dodging
 - Level 2.0 Spellcasting
 - Level 2.4 Translocations


You had 9 spell levels left.
You didn't know any spells.
Your spell library contained the following spells:

 Spells                   Type           Power      Damage    Failure   Level
 Blink                    Tloc           14%        N/A       98%         2
 Gell's Gravitas          Tloc           7%         N/A       100%        3
 Lesser Beckoning         Tloc           7%         N/A       100%        3
 Teleport Other           Tloc           7%         N/A       100%        3
 Manifold Assault         Tloc           7%         N/A       100%        5

Inventory:

Hand Weapons
 h - a +0 flail
 Y - a +1 hand axe (weapon)
Armour
 g - a +0 chain mail (worn)
Jewellery
 c - a ring of positive energy (left hand)
Scrolls
 a - a scroll of noise {unknown}
 e - a scroll of magic mapping {unknown}
 i - a scroll of identify
Potions
 b - 2 potions of attraction {unknown}
 d - a potion of curing {unknown}
 k - a potion of flight {unknown}

Dungeon Overview and Level Annotations

Branches:
Dungeon (3/15)

Altars:

Annotations:
D:5 Eustachio


Message History

You closely miss the hound. Your kick misses the hound.
The hound is severely wounded.
The orc hits you but does no damage.
The hound stops to sniff the ground.
The hound bites you.
You hit the hound.
You kill the hound!
The orc throws a silver javelin.
The silver javelin completely misses you.
Found a stone staircase leading down.
The scorpion barely misses you. The orc hits you but does no damage.
You hit the scorpion but do no damage. You hit the orc.
The scorpion barely misses you. The orc hits you but does no damage.
You hit the orc.
You kill the orc!
You closely miss the scorpion. The scorpion stings you.
You barely miss the scorpion. Your kick misses the scorpion.
The scorpion stings you.
You are poisoned.
The scorpion poisons you! The scorpion barely misses you.
You hit the scorpion.
The scorpion is lightly wounded.
You feel sick. The scorpion stings you.
You hit the scorpion.
You claw the scorpion, but do no damage.
You peck the scorpion, but do no damage.
The scorpion is heavily wounded.
You feel sick.
The scorpion stings you but does no damage.
You closely miss the scorpion.
You claw the scorpion, but do no damage.
You peck the scorpion.
You punch the scorpion, but do no damage.
The scorpion is heavily wounded.
You feel sick. The scorpion barely misses you.
You closely miss the scorpion.
You claw the scorpion, but do no damage.
The scorpion is heavily wounded.
You die...

..... ...... .#
...... >###
.....########
.....
...........#......
#%%.....#......
#.......#......
#.......)......
#......@s......
#####..........
#.......###
#.......##
#......... #
#.%........ #
#.......... #
#.......... #
#######.". #


You could see a scorpion.

Vanquished Creatures
  An ice beast (D:5)
  A howler monkey (D:5)
  A hound (D:5)
  An iguana (D:5)
  4 adders
  2 dart slugs
  3 orcs
  7 ball pythons
  4 bats (D:1)
  2 endoplasms
  4 goblins
  5 hobgoblins
  3 kobolds (D:1)
  2 quokkas
  2 frilled lizards (D:1)
  5 rats
47 creatures vanquished.

Notes
Turn   | Place    | Note
-------+----------+-------------------------------------------
     0 | D:1      | qw the Tengu Warper began the quest for the Orb.
     0 | D:1      | Reached XP level 1. HP: 12/12 MP: 4/4
     0 | D:1      | 0 ||| qw: Version: 0.1-a-89-g26bdef1
     0 | D:1      | 0 ||| qw: Game counter: 3014
     0 | D:1      | 0 ||| qw: Always use a shield: true
     0 | D:1      | 0 ||| qw: God list: Okawaru
     0 | D:1      | 0 ||| qw: Allow faded altars: false
     0 | D:1      | 0 ||| qw: Do Orc after D:15 true
     0 | D:1      | 0 ||| qw: Do second Lair branch before Depths: true
     0 | D:1      | 0 ||| qw: Lair rune preference: random
     0 | D:1      | 0 ||| qw: Plans: Normal
     0 | D:1      | 0 ||| PLANNING D:1-11
   319 | D:1      | Reached XP level 2. HP: 17/17 MP: 6/6
   330 | D:1      | Reached skill level 3 in Axes
   521 | D:1      | 521 ||| Stepping ~*~*~tactically~*~*~ (hiding).
   650 | D:1      | Found a faded altar of an unknown god.
   887 | D:1      | Reached XP level 3. HP: 21/21 MP: 7/7
   966 | D:1      | 966 ||| UPGRADING to +0 ring mail.
   976 | D:1      | 976 ||| DROPPING +0 leather armour.
   977 | D:1      | 977 ||| UPGRADING to +0 chain mail.
   987 | D:1      | 987 ||| DROPPING +0 ring mail.
   988 | D:1      | 988 ||| READING scroll labelled NUCIS GERUGO.
   989 | D:1      | 989 ||| READING 2 scrolls labelled LARABU KEHE.
   994 | D:1      | 994 ||| READING 2 scrolls labelled MOUDDITWUIQA.
   995 | D:1      | 995 ||| READING scroll labelled FYDOWK REXT.
  1116 | D:1      | 1116 ||| READING scroll labelled CUYFAU ERIRPHY.
  1117 | D:1      | 1117 ||| DRINKING 2 bubbling silvery potions.
  1134 | D:1      | 1134 ||| DRINKING 2 pink potions.
  1135 | D:1      | 1135 ||| DROPPING scroll of blinking.
  1136 | D:1      | 1136 ||| DROPPING potion of lignification.
  1180 | D:2      | 1180 ||| Stepping ~*~*~tactically~*~*~ (stealth).
  1188 | D:2      | 1188 ||| Stepping ~*~*~tactically~*~*~ (stealth).
  1195 | D:2      | 1195 ||| Stepping ~*~*~tactically~*~*~ (stealth).
  1203 | D:2      | Reached skill level 4 in Axes
  1629 | D:2      | Reached XP level 4. HP: 22/26 MP: 8/8
  1844 | D:2      | 1844 ||| Stepping ~*~*~tactically~*~*~ (stealth).
  1915 | D:2      | 1915 ||| DROPPING amulet of faith.
  1916 | D:2      | 1916 ||| UPGRADING to ring of positive energy.
  1917 | D:2      | 1917 ||| DRINKING 2 bubbling purple potions.
  1918 | D:2      | 1918 ||| DROPPING potion of brilliance.
  2084 | D:3      | 2084 ||| DROPPING +0 club.
  2094 | D:3      | You fall into a shaft and drop 2 floors!
  2094 | D:5      | Entered Level 5 of the Dungeon
  2104 | D:5      | Noticed Eustachio
  2105 | D:5      | 2105 ||| DROPPING +0 mace.
  2114 | D:5      | HP: 6/26 [Eustachio/+0 rapier (5)]
  2115 | D:5      | 2115 ||| READING scroll of teleportation.
  2116 | D:5      | 2116 ||| DRINKING 2 potions of heal wounds.
  2120 | D:5      | HP: 6/26 [iguana (10)]
  2121 | D:5      | 2121 ||| DRINKING potion of heal wounds.
  2125 | D:5      | Reached skill level 5 in Axes
  2211 | D:5      | Noticed an ice beast
  2219 | D:5      | Killed an ice beast
  2220 | D:5      | Reached skill level 6 in Axes
  2220 | D:5      | Gained mutation: Your magical nature lets you fly swiftly
                  | and evasively. [Tengu growth]
  2220 | D:5      | Reached XP level 5. HP: 30/30 MP: 9/9
  2235 | D:5      | Reached XP level 6. HP: 28/35 MP: 10/10
  2248 | D:5      | HP: 7/35 [poisoned by a scorpion]
  2248 | D:5      | HP: 3/35 [scorpion (4)]
  2250 | D:5      | HP: 1/35 [poisoned by a scorpion]
  2251 | D:5      | Succumbed to a scorpion's poison

Levels and vault maps discovered:
D:1:      erik_arrival_orb_chamber, layout_basic,
          hellmonk_ecumenical_altar_pennies_from_heaven
D:2:      layout_rooms
D:3:      layout_loops_ring, hangedman_decor_lopped
D:5:      layout_basic, grunt_temple_overflow_diamond, uniq_eustachio

Skill      XL: |  1  2  3  4  5 |
---------------+----------------+-----
Axes           | 3 4 6 |  6.5
Armour         | 2 |  2.5
Fighting       | |  2.0
Throwing       | |  1.0
Dodging        | |  2.1
Spellcasting   | |  2.0
Translocations | |  2.4

Action                   |  1- 3 |  4- 6 || total
-------------------------+-------+-------++-------
Melee: Hand axe          |    77 |    53 ||   130
       Kick              |    12 |    18 ||    30
       Peck              |     8 |     7 ||    15
       Punch             |     1 |     1 ||     2
Throw: Boomerang         |     7 |       ||     7
  Use: Scroll            |     5 |     1 ||     6
       Potion            |     2 |     3 ||     5
Armor: Leather armour    |    11 |       ||    11
       Chain mail        |    21 |    21 ||    42
Dodge: Dodged            |    35 |    17 ||    52

Table legend:
 A = Non-vault XP
 B = Vault XP
 C = Vault XP percentage of total XP
 D = Non-vault monster count
 E = Vault monster count
 F = Vault count percentage of total count
                 A         B        C        D         E       F
            +---------+---------+-------+---------+---------+-------
      Total |     387 |       0 |   0.0 |      47 |       0 |   0.0
            +---------+---------+-------+---------+---------+-------
        D:1 |      34 |       0 |   0.0 |      21 |       0 |   0.0
        D:2 |      58 |       0 |   0.0 |      13 |       0 |   0.0
        D:3 |      15 |       0 |   0.0 |       7 |       0 |   0.0
        D:5 |     280 |       0 |   0.0 |       6 |       0 |   0.0
            +---------+---------+-------+---------+---------+-------
